 Dungeon Crawl Stone Soup version 0.26-a0-257-g47e9e61525 (webtiles) character file.

Game seed: 4346837408134203324

499 Infinimo the Ducker (level 6, 0/33 HPs)
             Began as a Spriggan Berserker on July 10, 2020.
             Was a Priest of Trog.
             Slain by an ogre
             ... wielding a +0 giant spiked club
              (33 damage)
             ... on level 5 of the Dungeon.
             The game lasted 00:07:18 (4546 turns).

Infinimo the Ducker (Spriggan Berserker)            Turns: 4546, Time: 00:07:19

Health: 0/33       AC:  2    Str: 14    XL:     6   Next: 94%
Magic:  7/7        EV: 22    Int:  9    God:    Trog [***...]
Gold:   199        SH:  0    Dex: 16    Spells: 5/5 levels left

rFire    . . .     SeeInvis +   u - +3 short sword (venom)
rCold    . . .     Faith    .   (shield restricted)
rNeg     . . .     Spirit   .   b - +0 animal skin
rPois    .         Reflect  .   (helmet restricted)
rElec    .         Harm     .   (no cloak)
rCorr    .                      (gloves unavailable)
MR       +....                  (boots unavailable)
Stlth    +++.......             (no amulet)
HPRegen  0.11/turn              f - ring of attention
MPRegen  0.10/turn              g - ring of stealth

@: very quick
A: very small, unfitting armour, see invisible, herbivore, speed 3, slow
metabolism 2
a: Berserk, Trog's Hand, Renounce Religion


You were on level 5 of the Dungeon.
You worshipped Trog.
Trog was most pleased with you.
You were not hungry.

You visited 1 branch of the dungeon, and saw 5 of its levels.

You collected 199 gold pieces.

Inventory:

Hand Weapons
 u - a +3 short sword of venom (weapon)
Armour
 a - a scarf of harm
 b - a +0 animal skin (worn)
 h - a +0 buckler
Jewellery
 f - a ring of attention (left hand)
 g - a ring of stealth (right hand)
Wands
 r - a wand of acid (9)
Scrolls
 i - 2 scrolls of amnesia {unknown}
 j - 2 scrolls of teleportation
 p - a scroll of magic mapping {unknown}
 q - 2 scrolls of remove curse
 s - a scroll of enchant weapon
 w - 2 scrolls of identify
 y - a scroll of fear {unknown}
 A - a scroll of noise {unknown}
Potions
 d - 2 potions of lignification {unknown}
 e - a potion of flight {unknown}
 k - 2 potions of haste {unknown}
 l - 4 potions of curing
 m - a potion of mutation {unknown}
 n - 3 potions of cancellation {unknown}
 o - a potion of heal wounds {unknown}
 t - a potion of might {unknown}
 v - 2 potions of stabbing {unknown}
 x - a potion of brilliance {unknown}
 z - 2 potions of degeneration {unknown}
Comestibles
 c - 7 rations


   Skills:
 + Level 3.6 Fighting
 + Level 5.2 Short Blades
 + Level 6.9 Dodging
 + Level 5.6 Stealth


You had 5 spell levels left.
You didn't know any spells.
Your spell library was empty.

Dungeon Overview and Level Annotations

Branches:
Dungeon (5/15)
 Temple: D:4-7

Altars:
Dithmenos
Elyvilon
Kikubaaqudgha
Okawaru
Ru
Trog
Uskayaw


Innate Abilities, Weirdness & Mutations

You are very small and have problems with some larger weapons.
You are too small for most types of armour.
You have supernaturally acute eyesight. (SInv)
You are a herbivore.
You cover ground extremely quickly.
You need to consume almost no food.


Message History

a +0 leather armour; a wand of random effects (22)
You open the door.
Found a white marble altar of Elyvilon.
There is an open door here.
Things that are here:
a +0 leather armour; a wand of random effects (22)
The ogre is too close now for your liking.
An ogre is nearby!
An ogre is nearby!
A jelly comes into view.
The jelly quivers.
A jelly is nearby!
A jelly is nearby!
The ogre shouts!
The jelly jiggles.
You puncture the ogre!
The ogre is moderately wounded.
The ogre hits you with a +0 giant spiked club!!
Ouch! That really hurt!
You die...

#..................# #
#...#.........###... ##
##...........## ##....
####..#...##..####.....
##...###..###..........#
#.....##.......<.......#
#.......#.#............
..........#............
.......@...............
....J..O..........>....
#......................
#.............<........
#............?.........
##...........#.
##..........#
#.........##


You could see an ogre and a jelly.

Vanquished Creatures
  2 scorpions
  An orc priest (D:4)
  Ijyb (D:5)
  2 iguanas (D:5)
  3 orc wizards (D:4)
  A hound skeleton (D:5)
  Robin (D:2)
  4 adders
  2 shadow imps (D:5)
  2 white imps (D:5)
  4 worms
  2 dart slugs
  5 leopard geckos
  10 orcs (D:4)
  3 giant cockroaches
  11 goblins
  11 hobgoblins
  11 jackals
  5 quokkas
  A ball python (D:4)
  7 bats
  5 frilled lizards
  A giant cockroach zombie (D:5)
  8 kobolds
  3 rats (D:2)
106 creatures vanquished.

Vanquished Creatures (others)
  A goblin (D:2)
1 creature vanquished.

Grand Total: 107 creatures vanquished

Notes
Turn   | Place    | Note
-------+----------+-------------------------------------------
     0 | D:1      | Infinimo the Spriggan Berserker began the quest for the
                  | Orb.
     0 | D:1      | Reached XP level 1. HP: 11/11 MP: 2/2
    66 | D:1      | Reached skill level 1 in Stealth
   252 | D:1      | Reached XP level 2. HP: 16/16 MP: 3/3
   520 | D:1      | Reached skill level 5 in Dodging
   913 | D:1      | Reached XP level 3. HP: 18/19 MP: 4/4
  1368 | D:2      | Reached ** piety under Trog
  1683 | D:2      | Reached XP level 4. HP: 23/23 MP: 5/5
  2081 | D:2      | Noticed Robin
  2097 | D:2      | Killed Robin
  3097 | D:4      | Reached *** piety under Trog
  3097 | D:4      | Reached XP level 5. HP: 28/28 MP: 6/6
  3280 | D:4      | Reached skill level 6 in Dodging
  3396 | D:4      | Reached XP level 6. HP: 32/32 MP: 7/7
  3874 | D:5      | Entered Level 5 of the Dungeon
  3914 | D:5      | Noticed Ijyb
  3923 | D:5      | Killed Ijyb
  3923 | D:5      | Reached skill level 5 in Stealth
  4206 | D:5      | Reached skill level 5 in Short Blades
  4310 | D:5      | Found an iron altar of Okawaru.
  4312 | D:5      | Found a sacrificial altar of Ru.
  4313 | D:5      | Found a bloodstained altar of Trog.
  4317 | D:5      | Found a shadowy altar of Dithmenos.
  4420 | D:5      | Found an ancient bone altar of Kikubaaqudgha.
  4430 | D:5      | Found a hide-covered altar of Uskayaw.
  4497 | D:5      | Found a white marble altar of Elyvilon.
  4546 | D:5      | Slain by an ogre

Illustrated notes

Levels and vault maps discovered:
D:1:      roderic_crossed_star, layout_basic, moated_statue
D:2:      layout_basic, uniq_robin
D:3:      layout_loops_ring
D:4:      layout_cave_pools, skrybe_limestone_x
D:5:      layout_cave_pools, grunt_temple_overflow_open, kennysheep_mini_moat,
          first_ration, glass_columns_b, uniq_ijyb

Skill      XL: |  1  2  3  4  5  6 |
---------------+-------------------+-----
Stealth        | 1 2 3 4 5 |  5.6
Dodging        | 5 6 |  6.9
Short Blades   | 4 5 |  5.2
Fighting       | 3 |  3.6

Action                   |  1- 3 |  4- 6 || total
-------------------------+-------+-------++-------
Melee: Short sword       |   129 |   159 ||   288
Invok: Berserk           |     6 |     9 ||    15
  Use: Scroll            |     1 |     3 ||     4
 Stab: Sleeping          |     6 |    11 ||    17
  Eat: Ration            |       |     1 ||     1
Armor: Animal skin       |    14 |     7 ||    21
Dodge: Dodged            |   116 |   104 ||   220

Table legend:
 A = Non-vault XP
 B = Vault XP
 C = Vault XP percentage of total XP
 D = Non-vault monster count
 E = Vault monster count
 F = Vault count percentage of total count
                 A         B        C        D         E       F
            +---------+---------+-------+---------+---------+-------
      Total |     653 |      61 |   8.5 |      99 |       7 |   6.6
            +---------+---------+-------+---------+---------+-------
        D:1 |      44 |       0 |   0.0 |      22 |       0 |   0.0
        D:2 |      66 |      25 |  27.5 |      28 |       6 |  17.6
        D:3 |      24 |       0 |   0.0 |       8 |       0 |   0.0
        D:4 |     292 |       0 |   0.0 |      27 |       0 |   0.0
        D:5 |     227 |      36 |  13.7 |      14 |       1 |   6.7
            +---------+---------+-------+---------+---------+-------
